AoeStats
← Condorito17

Glade

510625216Analyzed
1v1 RM · 1d ago on Oct 1, 2026· 37m 51s· 2 players
Game mode
Random Map
Map size
Tiny (2 player)
Population
200
Speed
Normal
Resources
Standard
Victory
Conquest
Starting age
Dark Age
Ending age
Imperial Age
RankedLock teamsTeams togetherTeam positionsShared explorationLock speedFull tech treeHidden civsTurbo modeCheats
Victory
Defeat
🇦🇷 Koreans · Argentina
1146
+15
🇨🇱 Teutons · Chile
1121
-15
Condorito17
7:09 Loom
9:33 Feudal Age
16:53 Fletching
17:47 Double-Bit Axe
23:37 Castle Age
22:13 Horse Collar
27:09 Gold Mining
31:47 Imperial Age
30:50 Pikeman
32:50 Wheelbarrow
33:35 Chemistry
32:50 Bow Saw
1987
6:50 Loom
8:57 Feudal Age
21:45 Wheelbarrow
22:27 Double-Bit Axe
22:40 Horse Collar
25:01 Castle Age
24:27 Fletching
26:06 Bodkin Arrow
28:22 Bow Saw
28:42 Heavy Plow
33:45 Imperial Age
33:49 Gold Mining
35:34 Chemistry
34:55 Ballistics
35:23 Hand Cart
Connection lost

Rejoining the realm…

Still unreachable

The connection could not be restored.

Session expired

The server has moved on; the page needs a fresh start.